 Dungeon Crawl Stone Soup version 0.23.0-3-gf3c87f2 (webtiles) character file.

Game seed: 10573667355237673135

3707 Kairos the Cleaver (level 10, -21/51 HPs)
             Began as a Vine Stalker Fighter on Feb 24, 2019.
             Was an Initiate of Okawaru.
             Demolished by an orc warlord
             ... wielding a +0 battleaxe
              (38 damage)
             ... in a bailey.
             The game lasted 00:15:29 (6219 turns).

Kairos the Cleaver (Vine Stalker Fighter)           Turns: 6219, Time: 00:15:30

Health: -21/51     AC: 15    Str: 29    XL:     10   Next: 14%
Magic:  0/11       EV: 12    Int:  9    God:    Okawaru [......]
Gold:   76         SH: 14    Dex: 13    Spells: 9/9 levels left

rFire    . . .     SeeInvis .   r - +1 broad axe (freeze)
rCold    . . .     Gourm    .   x - +3 shield
rNeg     . . .     Faith    .   J - +0 chain mail
rPois    .         Spirit   +   (no helmet)
rElec    .         Reflect  .   D - +0 cloak
rCorr    .         Harm     .   H - +2 pair of gloves of the Lumpy Lives {+Fly}
MR       +....                  b - +0 pair of boots
Stlth    ..........             y - amulet of the acrobat
HPRegen  0.57/turn              e - +4 ring of evasion
MPRegen  0.12/turn              c - +2 ring of strength

@: mighty
A: fangs 3, regeneration 1, magic shield, antimagic bite, no potion heal 3, rot
immunity
a: Renounce Religion, Evoke Flight


You were in a bailey.
You worshipped Okawaru.
Okawaru was noncommittal.
You were not hungry.

You visited 2 branches of the dungeon, and saw 8 of its levels.
You also visited: Bailey.

You collected 313 gold pieces.
You spent 237 gold pieces at shops.

Inventory:

Hand Weapons
 a - a +1 war axe
 r - a +1 broad axe of freezing (weapon)
 u - a +0 whip of freezing
Armour
 b - a +0 pair of boots (worn)
 g - a +0 chain mail
 t - a +0 pair of gloves
 x - a +3 shield (worn)
 D - a +0 cloak (worn)
 H - the +2 pair of gloves of the Lumpy Lives (worn) {+Fly}
   (You bought it in a shop on level 6 of the Dungeon)

   It lets you fly.
 J - a +0 chain mail (worn)
Jewellery
 c - a +2 ring of strength (right hand)
 e - a +4 ring of evasion (left hand)
 y - an amulet of the acrobat (around neck)
 G - an uncursed ring of flight
Wands
 j - a wand of iceblast (5)
 s - a wand of paralysis (3)
 z - a wand of acid (3)
 E - a wand of random effects (14)
Scrolls
 l - a scroll of blinking
 n - 2 scrolls of immolation
 q - 3 scrolls of fear
 w - 2 scrolls of teleportation
Potions
 d - 3 potions of might
 h - a potion of resistance
 i - 3 potions of curing
 k - a potion of lignification {unknown}
 m - a potion of invisibility {unknown}
 o - 3 potions of agility {unknown}
 p - a potion of berserk rage {unknown}
 v - a potion of heal wounds {unknown}
 A - a potion of flight {unknown}
 F - 2 potions of haste {unknown}
Comestibles
 f - 14 rations


   Skills:
 + Level 5.5 Fighting
 + Level 9.1 Axes
 + Level 5.1 Armour
 + Level 2.0 Dodging
 + Level 6.5 Shields


You had 9 spell levels left.
You didn't know any spells.
Your spell library was empty.

Dungeon Overview and Level Annotations

Branches:
Dungeon (7/15)             Temple (1/1) D:5

Altars:
Ashenzari
Cheibriados
Dithmenos
Elyvilon
Fedhas
Gozag
Hepliaklqana
Kikubaaqudgha
Makhleb
Nemelex Xobeh
Okawaru
Qazlal
Ru
Sif Muna
Trog
Uskayaw
Vehumet
Wu Jian
Xom
Yredelemnul
Zin
The Shining One

Shops:
D:4 [   D:6 [**}*   D:7 [*:


Innate Abilities, Weirdness & Mutations

You have razor-sharp teeth.
Your natural rate of healing is unusually fast.
When hurt, damage is shared between your health and your magic reserves.
Your bite disrupts and absorbs the magic of your enemies.
Potions cannot restore your health.
You are immune to rotting.


Message History

Your shield and chain mail prevent you from hitting the orc warlord.
Your bite misses the orc warlord.
The orc warlord is heavily wounded.
You slice the orc!! You freeze the orc.
You kill the orc!
Okawaru accepts your kill. You block the orc warlord's attack.
You slash the orc warlord! You freeze the orc warlord.
The orc warlord is severely wounded.
You block the orc warlord's attack.
You slice the orc warlord!! You freeze the orc warlord.
The orc warlord is almost dead.
An orc warrior comes into view. It is wielding a +0 war axe.
The orc warrior moves out of view.
You completely miss the orc warlord. You bite the orc warlord.
You drain its power.
The orc warlord is almost dead.
The orc warlord hits you with a +0 battleaxe!!!
Ouch! That really hurt!
You die...

#.........#.......#))
##.......).##.....##..
#.....⌠.)...#######...
##.....))..## ##..
#.........# #..
##...))).## ##.
#....)..# #. ##..)..##
## ##@#### # #)o)..#
#.......# #.......#
.........# #.........#
.....⌠.....#
##.........##


You could see an orc warlord.

Vanquished Creatures
  Pikel (D:4)
  Grinder (D:4)
  Prince Ribbit (D:5)
  A hippogriff (D:7)
  Eustachio (D:4)
  Duvessa (D:4)
  2 black bears (D:6)
  5 orc warriors
  A sky beast (D:7)
  3 ogres
  A centaur (D:6)
  2 bullfrogs
  Dowan (D:4)
  A scorpion (D:7)
  A bullfrog zombie (D:6)
  4 crimson imps
  A jelly (D:5)
  4 hounds
  Crazy Yiuf (D:5)
  5 orc priests
  7 orc wizards
  Ijyb (D:5)
  Terence (D:3)
  4 worker ants
  A hound skeleton (D:7)
  8 adders
  5 gnolls (Bailey)
  4 oozes
  An adder skeleton (D:7)
  2 worms
  4 dart slugs
  29 orcs
  2 giant cockroaches
  23 goblins
  15 hobgoblins
  5 jackals
  8 kobolds
  4 quokkas
  A ball python (D:2)
  6 bats
  5 frilled lizards
  2 hobgoblin zombies (D:7)
  A jackal skeleton (D:7)
  4 kobold skeletons (D:7)
  A kobold zombie (D:7)
  A leopard gecko zombie (D:5)
  2 orc skeletons (D:7)
  8 rats
193 creatures vanquished.

Vanquished Creatures (others)
  An adder (D:4)
1 creature vanquished.

Grand Total: 194 creatures vanquished

Notes
Turn   | Place    | Note
-------+----------+-------------------------------------------
     0 | D:1      | Kairos the Vine Stalker Fighter began the quest for the
                  | Orb.
     0 | D:1      | Reached XP level 1. HP: 11/11 MP: 2/2
    45 | D:1      | Reached skill level 2 in Axes
    48 | D:1      | Reached XP level 2. HP: 16/16 MP: 3/3
   367 | D:1      | Reached XP level 3. HP: 18/19 MP: 4/4
   894 | D:2      | Found a stormy altar of Qazlal.
   983 | D:2      | Gained mutation: Your natural rate of healing is unusually
                  | fast. [Vine Stalker growth]
   983 | D:2      | Reached XP level 4. HP: 20/24 MP: 3/5
  1029 | D:2      | Reached skill level 3 in Axes
  1029 | D:2      | Reached XP level 5. HP: 26/28 MP: 6/6
  1467 | D:3      | Found a burning altar of Makhleb.
  1520 | D:3      | Noticed Terence
  1528 | D:3      | Killed Terence
  1566 | D:3      | Found a white marble altar of Elyvilon.
  1947 | D:3      | Reached XP level 6. HP: 26/32 MP: 4/7
  2132 | D:4      | Reached skill level 4 in Axes
  2163 | D:4      | Noticed Grinder
  2181 | D:4      | Killed Grinder
  2181 | D:4      | Reached skill level 1 in Dodging
  2181 | D:4      | Reached XP level 7. HP: 23/36 MP: 8/8
  2212 | D:4      | Noticed Eustachio
  2241 | D:4      | Killed Eustachio
  2241 | D:4      | Reached skill level 5 in Axes
  2247 | D:4      | Noticed Duvessa
  2561 | D:4      | Killed Duvessa
  2721 | D:4      | Gained mutation: You have razor-sharp teeth. [Vine Stalker
                  | growth]
  2721 | D:4      | Reached XP level 8. HP: 42/42 MP: 9/9
  2893 | D:4      | Noticed Dowan
  2905 | D:4      | Killed Dowan
  3157 | D:4      | Found Zaw Niat's Antique Armour Shop.
  3171 | D:4      | Found a shimmering altar of Xom.
  3172 | D:4      | Noticed Pikel
  3199 | D:4      | Killed Pikel
  3199 | D:4      | Reached skill level 6 in Axes
  3199 | D:4      | Reached skill level 5 in Shields
  3340 | D:4      | Found a deep blue altar of Sif Muna.
  3415 | D:5      | Entered Level 5 of the Dungeon
  3444 | D:5      | Found an ancient bone altar of Kikubaaqudgha.
  3530 | D:5      | Reached XP level 9. HP: 46/46 MP: 10/10
  3599 | D:5      | Found a staircase to the Ecumenical Temple.
  3644 | Temple   | Entered the Ecumenical Temple
  3819 | D:5      | Noticed Ijyb
  3831 | D:5      | Killed Ijyb
  3831 | D:5      | Reached skill level 7 in Axes
  3842 | D:5      | Found a hazy altar of Hepliaklqana.
  3855 | D:5      | Noticed Prince Ribbit
  3871 | D:5      | Killed Prince Ribbit
  4218 | D:5      | Found a sparkling altar of Nemelex Xobeh.
  4363 | D:5      | Found a deep blue altar of Sif Muna.
  4437 | D:5      | Found a runed translucent door.
  4438 | D:5      | Noticed Crazy Yiuf
  4676 | D:5      | Killed Crazy Yiuf
  4789 | D:6      | Found Kack's Gadget Shoppe.
  4890 | D:6      | Found Efaceam's Antique Armour Boutique.
  4898 | D:6      | Bought a pair of warped gloves for 237 gold pieces
  4908 | D:6      | Identified the +2 pair of gloves of the Lumpy Lives {+Fly}
                  | (You bought it in a shop on level 6 of the Dungeon)
  4958 | D:6      | Found a shadowy altar of Dithmenos.
  4966 | D:6      | Found Wiptum's General Store.
  4967 | D:6      | Found Irumpeov's General Store.
  5038 | D:6      | Found a bloodstained altar of Trog.
  5118 | D:6      | Reached skill level 5 in Armour
  5122 | D:6      | Found Genadik's Assorted Antiques.
  5189 | D:6      | Found a glowing silver altar of Zin.
  5189 | D:6      | Noticed an angel
  5503 | D:7      | Found Efraseil's General Store.
  5504 | D:7      | Found Yluoze's Book Boutique.
  5525 | D:7      | Identified a scroll of acquirement
  5552 | D:7      | Found a glowing golden altar of the Shining One.
  5563 | D:7      | Reached skill level 8 in Axes
  5574 | D:7      | Reached skill level 5 in Fighting
  5760 | D:7      | Found an iron altar of Okawaru.
  5767 | D:7      | Became a worshipper of Warmaster Okawaru
  5876 | D:7      | Found Zexuner's Antique Armour Emporium.
  6004 | D:7      | Found a flagged portal.
  6015 | Bailey   | Entered a bailey
  6032 | Bailey   | Reached XP level 10. HP: 51/51 MP: 11/11
  6203 | Bailey   | Noticed an orc warlord
  6208 | Bailey   | Reached skill level 9 in Axes
  6219 | Bailey   | Demolished by an orc warlord

Skill      XL: |  1  2  3  4  5  6  7  8  9 10 |
---------------+-------------------------------+-----
Axes           | 2 3 4 5 6 8 9 |  9.1
Shields        | 3 4 5 6 |  6.5
Fighting       | 3 4 5 |  5.5
Armour         | 3 4 5 |  5.1
Dodging        | 1 2 |  2.0

Action                   |  1- 3 |  4- 6 |  7- 9 | 10-12 || total
-------------------------+-------+-------+-------+-------++-------
Melee: War axe           |    84 |   132 |   228 |       ||   444
       Bite              |    20 |    37 |   108 |    22 ||   187
       Broad axe         |       |       |    90 |    68 ||   158
Evoke: Wand              |       |       |       |     1 ||     1
  Use: Scroll            |       |     2 |    10 |       ||    12
       Potion            |       |       |       |     1 ||     1
  Eat: Chunk             |       |     4 |     6 |     1 ||    11
       Ration            |       |       |     2 |       ||     2
Armor: Scale mail        |    19 |       |       |       ||    19
       Chain mail        |    19 |    48 |   100 |    14 ||   181
Dodge: Dodged            |    28 |    48 |   113 |    15 ||   204
Block: Shield            |    43 |    60 |   174 |    36 ||   313
